 Dungeon Crawl Stone Soup version 0.32-a0-86-g8db1b9f803 (webtiles) character file.

Game seed: 13454269085838569176

127 Ceno the Ruffian (level 4, 0/37 HPs)
             Began as a Draconian Shapeshifter on Feb 6, 2024.
             Killed by psychic fangs
             ... invoked by a brain worm
              (12 damage)
             ... in a sewer.
             The game lasted 00:07:54 (1918 turns).

Ceno the Ruffian (Draconian Shapeshifter)           Turns: 1918, Time: 00:07:55

Health: 0/37       AC:  5    Str: 18    XL:     4   Next: 85%
Magic:  0/4        EV: 27    Int: 11    God:
Gold:   143        SH:  0    Dex: 16    Spells: 3/3 levels left

rFire   . . .        q - +3 whip (elec)
rCold   . . .        (no shield)
rNeg    . . .        (body armour unavailable)
rPois   .            (helmet currently unavailable)
rElec   .            (cloak currently unavailable)
rCorr   .            (gloves currently unavailable)
SInv    .            (boots currently unavailable)
Will    .....        i - amulet of the acrobat
Stlth   +            m - +6 ring of dexterity
HPRegen 0.26/turn    (no ring)
MPRegen 0.09/turn

%: acrobat
@: beast-form, acrobatic, very slow
A: beast (slay +2), AC +5, unfitting armour, cold-blooded
a: Begin Untransformation


You were in a sewer.
You were a hulking beast.
You visited 1 branch of the dungeon, and saw 3 of its levels.
You also visited: Sewer.

You collected 143 gold pieces.

Inventory:

Hand Weapons
 q - a +3 whip of electrocution (weapon)
Missiles
 d - 20 stones (quivered)
 g - 6 poisoned darts
Armour
 l - a +2 pair of gloves
Jewellery
 i - an amulet of the acrobat (around neck)
 m - a +6 ring of dexterity (left hand)
Talismans
 b - a beast talisman
 c - a flux talisman
Wands
 o - a wand of flame (18)
Scrolls
 f - 2 scrolls of revelation {unknown}
 h - a scroll of blinking {unknown}
 j - a scroll of amnesia {unknown}
 n - 2 scrolls of teleportation {unknown}
 p - a scroll of identify {unknown}
 r - a scroll of poison {unknown}
 t - a scroll of enchant weapon {unknown}
 u - a scroll of fog {unknown}
Potions
 a - a potion of lignification
 e - a potion of brilliance {unknown}
 k - a potion of heal wounds {unknown}
 s - 2 potions of invisibility {unknown}
 v - a potion of experience {unknown}


   Skills:
 + Level 2.6 Fighting
 - Level 1.7 Dodging
 + Level 4.2 Unarmed Combat
 * Level 4.0 Shapeshifting


You had 3 spell levels left.
You didn't know any spells.
Your spell library contained the following spells:

 Spells                   Type           Power      Damage    Failure   Level
 Freeze                   Ice            0%         1d3       34%         1
 Necrotise                Necr           0%         1d4       34%         1
 Ensorcelled Hibernation  Hex/Ice        0%         N/A       47%         2
 Call Canine Familiar     Summ           0%         N/A       71%         3
 Frozen Ramparts          Ice            0%         1d1       71%         3
 Fugue of the Fallen      Necr           0%         N/A       71%         3
 Hailstorm                Conj/Ice       0%         3d5       71%         3
 Sigil of Binding         Hex            0%         N/A       71%         3
 Summon Ice Beast         Ice/Summ       0%         N/A       71%         3
 Tukima's Dance           Hex            0%         N/A       71%         3
 Vampiric Draining        Necr           0%         2d6       71%         3
 Anguish                  Hex/Necr       0%         N/A       98%         4
 Dimensional Bullseye     Hex/Tloc       0%         N/A       98%         4
 Martyr's Knell           Necr/Summ      0%         N/A       98%         4
 Passage of Golubria      Tloc           0%         N/A       98%         4
 Curse of Agony           Necr           0%         N/A       100%        5
 Yara's Violent Unravell  Hex/Alch       0%         3d3       100%        5
 Sculpt Simulacrum        Ice/Alch       0%         N/A       100%        6


Dungeon Overview and Level Annotations

Branches:
Dungeon (3/15)              Sewer (1/1)

Altars:

Shops:
D:1 ?=   D:3 :


Innate Abilities, Weirdness & Mutations

You are a hulking beast.
Your limbs bulge with bestial killing power. (Slay +2)
Your plain brown scales are hard. (AC +5)
You cannot fit into any form of body armour.
You are cold-blooded and may be slowed by cold attacks.


Message History

The ball python bites you but does no damage.
The ball python grabs you. The ball python constricts you.
You hit the ball python.
The ball python is heavily wounded.
The ball python bites you but does no damage.
The ball python constricts you.
You whack the ball python!
You kill the ball python!
Press: ? - help, v - describe, . - travel
Here: a brain worm The floor.
You enter the shallow water.
Moving in this stuff is going to be slow.
The brain worm is briefly caught in foreign memories of distant lands.
You enter the shallow water.
Moving in this stuff is going to be slow.
You see here a rat corpse.
You enter the shallow water.
Moving in this stuff is going to be slow.
Things that are here:
a river rat corpse; a river rat corpse The brain worm's bulging head throbs.
Something gnaws on your mind!
You feel your power leaking away.
You enter the shallow water.
Moving in this stuff is going to be slow.
The brain worm's bulging head throbs.
Something gnaws on your mind!
You feel your power leaking away.
You enter the shallow water.
Moving in this stuff is going to be slow.
The brain worm's bulging head throbs.
Something gnaws on your mind!
You feel your power leaking away.
The brain worm's bulging head throbs.
Something gnaws on your mind!
You feel your power leaking away.
The brain worm's bulging head throbs.
Something gnaws heavily on your mind!
You die...

######w~.# #.#.##.### ##.##~#.##
#.#.###.# ##.###.## #~#.####
##########################†######
~~~...~~~..~~..~~~~.~..~~†.†.....
......~.~..~~~~.h~~~~.~w..~..~.~.
#################################


You could see a brain worm.

Vanquished Creatures
  An orc priest (D:3)
  3 river rats (Sewer)
  An adder (D:3)
  2 dart slugs (D:1)
  3 ribbon worms
  4 orcs (D:3)
  2 bats (D:1)
  3 endoplasms
  A goblin (D:1)
  5 hobgoblins
  3 quokkas
  4 ball pythons
  6 frilled lizards
  5 kobolds
  7 rats
50 creatures vanquished.

Notes
Turn   | Place    | Note
-------+----------+-------------------------------------------
     0 | D:1      | Ceno the Draconian Shapeshifter began the quest for the
                  | Orb.
     0 | D:1      | Reached XP level 1. HP: 16/16 MP: 1/1
   224 | D:1      | Reached XP level 2. HP: 23/23 MP: 2/2
   493 | D:1      | Found Yxkyuh's Magic Scroll Shop.
   779 | D:1      | Found Yrad's Jewellery Emporium.
  1018 | D:2      | Reached XP level 3. HP: 23/29 MP: 3/3
  1439 | D:3      | Found Jaby's Vocational Training.
  1485 | D:3      | Reached XP level 4. HP: 26/36 MP: 4/4
  1644 | D:3      | Found a glowing drain.
  1659 | Sewer    | Entered a sewer
  1896 | Sewer    | Noticed a brain worm
  1918 | Sewer    | Killed from afar by a brain worm

Illustrated notes

Levels and vault maps discovered:
D:1:      matt_arrival_spirals, layout_loops_ring, serial_shops,
          nicolae_shop_waterfront, shop
D:2:      layout_basic
D:3:      layout_basic, cheibrodos_sewer_entry_bend, serial_shops,
          nicolae_lakefront_shop, nicolae_shop_vocational
Sewer:    sewer_co_cracked_pipes

Skill      XL: |  1  2  3  4 |
---------------+-------------+-----
Fighting       | 2 |  2.6
Unarmed Combat | 4 |  4.2
Shapeshifting  | 4 |  4.0
Dodging        | |  1.7

Action                     |  1- 3 |  4- 6 || total
---------------------------+-------+-------++-------
  Melee: Unarmed           |    63 |       ||    63
         Tailslap          |     8 |     1 ||     9
         Punch             |     2 |     2 ||     4
         Whip              |     7 |    30 ||    37
  Throw: Stone             |     2 |       ||     2
    Use: Potion            |       |     1 ||     1
   Stab: Sleeping          |       |     2 ||     2
 Armour: Skin              |    15 |    20 ||    35
  Dodge: Dodged            |    30 |     7 ||    37

Table legend: (Time is in decaauts)
 A = Elapsed time spent in this place.
 B = Non-inter-level travel time spent in this place.
 C = Inter-level travel time spent in this place.
 D = Time resting spent in this place.
 E = Time spent auto-exploring this place.
 F = Levels seen in this place.
 G = Mean time per level.
                   A        B        C        D        E       F      G
               +--------+--------+--------+--------+--------+-----+--------+
         Total |   1931 |   1885 |     46 |    141 |    906 |   4 |  482.8 |
       Dungeon |   1659 |   1613 |     46 |      0 |    906 |   3 |  553.0 |
         Sewer |    272 |    272 |      0 |    141 |      0 |   1 |  272.0 |
               +--------+--------+--------+--------+--------+-----+--------+

Top non-repeatable levels by time:
     D:1: 876 daAuts
     D:3: 421 daAuts
     D:2: 362 daAuts
   Sewer: 272 daAuts
